 Dungeon Crawl Stone Soup version 0.29.1-15-g9cfb28693d (webtiles) character file.

Game seed: 4661129585034154434

285 Barneous the Trooper (level 6, -6/44 HPs)
             Began as an Octopode Wanderer on Mar 13, 2023.
             Mangled by a water moccasin (7 damage)
             ... on level 4 of the Dungeon.
             The game lasted 00:10:39 (4314 turns).

Barneous the Trooper (Octopode Wanderer)            Turns: 4314, Time: 00:10:40

Health: -6/44      AC:  1    Str: 13    XL:     6   Next: 29%
Magic:  18/18      EV: 13    Int: 17    God:
Gold:   189        SH:  0    Dex:  9    Spells: 5/9 levels left

rFire   . . .      SeeInvis .   a - +0 short sword
rCold   . . .      Faith    .   (no shield)
rNeg    . . .      Spirit   .   (helmet restricted)
rPois   .          Reflect  .   (no amulet)
rElec   .          Harm     .   d - ring of magical power
rCorr   .          Rampage  .   (no ring)
Will    .....                   (no ring)
Stlth   +++.......              (no ring)
HPRegen 0.14/turn               (no ring)
MPRegen 0.16/turn               (no ring)
                                (no ring)
                                (no ring)

@: lethally poisoned (-6 -> -49), hasted, very quick
A: almost no armour, amphibious, 8 rings, camouflage 1, gelatinous body 1,
(nimble swimmer 1), tentacles
a: no special abilities


You were on level 4 of the Dungeon.
You visited 1 branch of the dungeon, and saw 4 of its levels.

You collected 189 gold pieces.

Inventory:

Hand Weapons
 a - a +0 short sword (weapon)
 b - a +1 dagger of draining
 h - a +3 quarterstaff of chaos
 k - a +0 dagger of venom
Jewellery
 d - a ring of magical power (left tentacle)
Wands
 j - a wand of digging (6)
Scrolls
 c - a scroll of teleportation
 l - a scroll of enchant armour
 m - a scroll of amnesia
 o - a scroll of fog
Potions
 n - a potion of flight


   Skills:
 + Level 4.6 Fighting
 + Level 1.9 Dodging
 + Level 3.4 Stealth
 + Level 2.0 Unarmed Combat
 + Level 2.2 Spellcasting
 + Level 2.3 Transmutations
 + Level 3.7 Ice Magic


You had 5 spell levels left.
You knew the following spells:

 Your Spells              Type           Power      Damage    Failure   Level
a - Freeze                Ice            56%        1d7       4%          1
b - Ozocubu's Armour      Ice            14%        N/A       12%         3

Your spell library contained the following spells:

 Spells                   Type           Power      Damage    Failure   Level
 Wereblood                Tmut           9%         N/A       11%         2
 Ensorcelled Hibernation  Hex/Ice        16%        N/A       13%         2
 Passwall                 Tmut/Erth      4%         N/A       19%         2
 Airstrike                Air            0%         2d(1-17)  88%         4
 Summon Lightning Spire   Summ/Air       1%         N/A       88%         4
 Lightning Bolt           Conj/Air       0%         1d11      99%         5


Dungeon Overview and Level Annotations

Branches:
Dungeon (4/15)
 Temple: D:4-7

Altars:
Cheibriados
Dithmenos
Elyvilon


Innate Abilities, Weirdness & Mutations

You cannot wear most types of armour.
You are amphibious.
You can wear up to eight rings at the same time.
Your skin changes colour to match your surroundings (Stealth+).
Your rubbery body absorbs attacks. (AC +1, EV +1)
((You are camouflaged when in or above water. (Stealth+)))
You have tentacles for arms and can constrict up to eight enemies at once.


Message History

You constrict the hound. The hound barely misses you.
You barely miss the hound. You squeeze the hound.
You kill the hound!
The water moccasin bites you!
You are poisoned.
The water moccasin poisons you!
You feel yourself speed up.
You feel very sick. The water moccasin barely misses you.
You feel better. The water moccasin bites you.
You hit the water moccasin but do no damage.
You grab the water moccasin. You squeeze the water moccasin.
The water moccasin is lightly wounded.
You constrict the water moccasin. The water moccasin misses you.
You hit the water moccasin.
The water moccasin is lightly wounded.
You constrict the water moccasin. The water moccasin bites you.
You are poisoned.
The water moccasin poisons you!
You hit the water moccasin.
The water moccasin is moderately wounded.
You constrict the water moccasin.
You feel very sick. The water moccasin closely misses you.
You hit the water moccasin.
The water moccasin is moderately wounded.
You constrict the water moccasin.
You feel sick. The water moccasin bites you!
* * * LOW HITPOINT WARNING * * *
You are more poisoned.
The water moccasin poisons you!
You hit the water moccasin.
The water moccasin is heavily wounded.
You constrict the water moccasin.
* * * LOW HITPOINT WARNING * * *
You feel very sick. The water moccasin bites you.
* * * LOW HITPOINT WARNING * * *
You are more poisoned.
The water moccasin poisons you! The water moccasin bites you!
You die...

##.## ##...##
##.....##
##<......###
#...........
#.......#
#.###########......#
#....@S......#...#
#.######..........#
#.#######..# # #.#
##..##### ..#
#...##... ##.#
#.#.##...
#.######.#.##..#
#.##........>..#
#.##.#.#.#)#...#


You could see a water moccasin.

Vanquished Creatures
  3 hounds
  Crazy Yiuf (D:2)
  An orc priest (D:4)
  Ijyb (D:3)
  An iguana (D:4)
  3 adders
  2 worms
  4 orcs (D:4)
  5 bats
  3 endoplasms
  3 goblins
  3 hobgoblins
  4 jackals (D:2)
  7 kobolds
  3 quokkas
  4 ball pythons
  2 frilled lizards (D:2)
  2 rats
52 creatures vanquished.

Notes
Turn   | Place    | Note
-------+----------+-------------------------------------------
     0 | D:1      | Barneous the Octopode Wanderer began the quest for the Orb.
     0 | D:1      | Barneous set off with the following items: a +0 club, a
                  | potion of attraction, a scroll of teleportation; and the
                  | following spell memorised: Freeze; and the following spells
                  | available to memorise: Ensorcelled Hibernation, Ozocubu's
                  | Armour, Wereblood, Passwall.
     0 | D:1      | Reached XP level 1. HP: 17/17 MP: 2/2
   455 | D:1      | Reached XP level 2. HP: 19/22 MP: 3/3
  1427 | D:2      | Reached XP level 3. HP: 13/27 MP: 5/5
  1724 | D:2      | Reached skill level 1 in Unarmed Combat
  2235 | D:2      | Reached XP level 4. HP: 21/33 MP: 6/6
  2447 | D:2      | Reached skill level 1 in Dodging
  2529 | D:2      | Found a runed translucent door.
  2534 | D:2      | Learned a level 3 spell: Ozocubu's Armour
  2534 | D:2      | Noticed Crazy Yiuf
  2544 | D:2      | Killed Crazy Yiuf
  2545 | D:2      | Reached XP level 5. HP: 17/38 MP: 7/7
  2886 | D:2      | Found a faded altar of an unknown god.
  3008 | D:3      | Found a snail-covered altar of Cheibriados.
  3018 | D:3      | Noticed Ijyb
  3032 | D:3      | Killed Ijyb
  4010 | D:4      | Found a shadowy altar of Dithmenos.
  4039 | D:4      | Found a white marble altar of Elyvilon.
  4066 | D:4      | Reached XP level 6. HP: 35/44 MP: 9/9
  4290 | D:4      | Noticed a water moccasin
  4314 | D:4      | HP: 2/44 [poisoned by a water moccasin]
  4314 | D:4      | Mangled by a water moccasin

Illustrated notes

Levels and vault maps discovered:
D:1:      elethiomel_arrival_infinity_welcomes_careful_drivers, layout_basic,
          chequers_serial_rivers_marsh
D:2:      layout_rooms, nicolae_ecumenical_lake_church, minmay_misc_feat_roman,
          minmay_fractal_squares_5, uniq_crazy_yiuf_cottage
D:3:      layout_loops_ring, nicolae_overflow_crystal_walls,
          nrook_loot_triangle, uniq_ijyb
D:4:      layout_loops_ring, nicolae_uskayaw_dance_hall,
          mainiacjoe_overflow_six_doors_small, vehumet_altar_wand_db,
          mainiacjoe_overflow_chevrons, okawaru_metal_pillars_3,
          minmay_temple_entry_nine_rooms, uniq_robin

Skill      XL: |  1  2  3  4  5  6 |
---------------+-------------------+-----
Stealth        | 2 3 |  3.4
Unarmed Combat | 1 2 |  2.0
Dodging        | 1 |  1.9
Transmutations | 2 |  2.3
Spellcasting   | 2 |  2.2
Fighting       | |  4.6
Ice Magic      | |  3.7

Action                   |  1- 3 |  4- 6 || total
-------------------------+-------+-------++-------
Melee: Club              |    10 |       ||    10
       Tentacles         |    19 |    26 ||    45
       Dagger            |     3 |       ||     3
       Constrict         |    15 |    18 ||    33
       Short sword       |    54 |    74 ||   128
 Cast: Freeze            |    13 |     2 ||    15
       Ozocubu's Armour  |       |     1 ||     1
  Use: Scroll            |     6 |     6 ||    12
       Potion            |     3 |     5 ||     8
 Stab: Sleeping          |     5 |     5 ||    10
Armor: Skin              |     9 |     3 ||    12
Dodge: Dodged            |    49 |    40 ||    89
